 Dungeon Crawl Stone Soup version 0.20-a0-842-g939b552 (webtiles) character file.

77 Laan the Chopper (level 4, -5/35 HPs)
             Began as a Formicid Fighter on Mar 9, 2017.
             Killed by Freeze
             ... invoked by lolicon's ghost
              (6 damage)
             ... on level 3 of the Dungeon.
             The game lasted 00:02:32 (1668 turns).

Laan the Chopper (Formicid Fighter)                 Turns: 1668, Time: 00:02:33

Health: -5/35      AC:  6    Str: 22    XL:     4   Next: 60%
Magic:  4/4        EV:  8    Int:  7    God:
Gold:   107        SH:  9    Dex: 10    Spells: 3/3 levels left

rFire    . . .     SeeInvis +   a - +0 war axe
rCold    . . .     Gourm    .   b - +0 scale mail
rNeg     . . .     Faith    .   c - +0 shield
rPois    .         Spirit   .   (helmet unavailable)
rElec    .         Reflect  .   (no cloak)
rCorr    .         Harm     .   (no gloves)
MR       .....                  (no boots)
Stlth    ..........             (no amulet)
Regen    0.2/turn               (no ring)
MPRegen  0.1/turn               (no ring)

@: no status effects
A: permanent stasis, dig shafts and tunnels, four strong arms, antennae 3
a: Dig, Shaft Self


You were on level 3 of the Dungeon.
You were not hungry.

You visited 1 branch of the dungeon, and saw 3 of its levels.

You collected 107 gold pieces.

Inventory:

Hand Weapons
 a - a +0 war axe (weapon)
Missiles
 i - 5 javelins (quivered)
Armour
 b - a +0 scale mail (worn)
 c - a +0 shield (worn)
Jewellery
 k - an uncursed ring of magical power {unknown}
Scrolls
 e - 2 scrolls of remove curse {unknown}
 l - 2 scrolls of teleportation {unknown}
 m - a scroll of identify {unknown}
 n - a scroll of amnesia {unknown}
 p - a scroll of fear {unknown}
 q - a scroll of blinking {unknown}
Potions
 d - a potion of might
 g - a potion of magic {unknown}
 o - a potion of ambrosia {unknown}
 s - a potion of lignification {unknown}
 t - a potion of curing {unknown}
 u - a potion of brilliance {unknown}
Comestibles
 f - a bread ration
 h - 2 chunks of flesh
 j - 3 fruits
 r - a meat ration


   Skills:
 - Level 3.2 Fighting
 + Level 4.4 Axes
 - Level 3.2 Armour
 - Level 3.6 Shields


You had 3 spell levels left.
You didn't know any spells.

Dungeon Overview and Level Annotations

Branches:
Dungeon (3/15)

Altars:

Annotations:
D:3 lolicon's ghost, amateur BaIE


Innate Abilities, Weirdness & Mutations

You cannot be hasted, slowed, berserked, paralysed or teleported.
You can dig through walls and to a lower floor.
Your four strong arms can wield two-handed weapons with a shield.
You have a pair of large antennae on your head. (SInv)


Message History

You barely miss lolicon's ghost.
Lolicon's ghost is moderately damaged.
Lolicon's ghost hits you.
* * * LOW HITPOINT WARNING * * *
You miss lolicon's ghost.
Lolicon's ghost is moderately damaged.
Lolicon's ghost whispers, "You will understand me better in a moment."
Lolicon's ghost points at you and mumbles some strange words.
You are frozen.
* * * LOW HITPOINT WARNING * * *
You slash lolicon's ghost!
Lolicon's ghost is heavily damaged.
Lolicon's ghost hits you.
* * * LOW HITPOINT WARNING * * *
You block lolicon's ghost's attack.
You closely miss lolicon's ghost.
Lolicon's ghost is heavily damaged.
Lolicon's ghost points at you and mumbles some strange words.
You are frozen.
You die...

#.......##.........
##......#..........
#.................
####'#.#..........
#.#.......... #
#.#.......... #..
#............
#....###.........
#.....W@........
#...............
##..............
#...(.....?.##.
#...........+
#......$....#
###.........#
#.........#


You could see lolicon's ghost.

Vanquished Creatures
  2 adders (D:1)
  An ooze (D:1)
  2 worms (D:2)
  3 leopard geckos
  6 bats
  9 goblins
  2 hobgoblins (D:2)
  2 jackals (D:2)
  A quokka (D:2)
  7 frilled lizards
  7 kobolds
  5 rats
47 creatures vanquished.

Notes
Turn   | Place    | Note
-------+----------+-------------------------------------------
     0 | D:1      | Laan the Formicid Fighter began the quest for the Orb.
     0 | D:1      | Reached XP level 1. HP: 18/18 MP: 1/1
   176 | D:1      | Reached XP level 2. HP: 17/24 MP: 2/2
   350 | D:1      | Reached skill level 3 in Axes
   379 | D:1      | Reached XP level 3. HP: 24/29 MP: 3/3
  1027 | D:1      | Reached XP level 4. HP: 24/35 MP: 4/4
  1204 | D:2      | Reached skill level 4 in Axes
  1658 | D:3      | Noticed lolicon's ghost (amateur BaIE)
  1667 | D:3      | HP: 1/35 [lolicon's ghost (4)]
  1668 | D:3      | Killed from afar by lolicon's ghost

Vault maps used:
D:1:      lightli_arrival_farm
D:3:      elyvilon_altar_4, chequers_temple_overflow_statue_of_worship,
          fedhas_altar_4

Skill      XL: |  1  2  3  4 |
---------------+-------------+-----
Axes           | 3 4 |  4.4
Fighting       | |  3.2
Armour         | |  3.2
Shields        | |  3.6

Action                   |  1- 3 |  4- 6 || total
-------------------------+-------+-------++-------
Melee: War axe           |    95 |    78 ||   173
  Eat: Chunk             |     1 |     2 ||     3
Armor: Scale mail        |    33 |    41 ||    74
Dodge: Dodged            |    33 |    33 ||    66
Block: Shield            |    53 |    52 ||   105
